 Dungeon Crawl Stone Soup version 0.15-a0-734-g2b8d6ef (webtiles) character file.

205 Infinimo the Ruinous (level 5, -1/35 HPs)
             Began as a Mummy Conjurer on May 11, 2014.
             Killed from afar by an orc wizard (16 damage)
             ... with a puff of flame
             ... on Level 3 of the Dungeon.
             The game lasted 00:04:59 (4090 turns).

Infinimo the Ruinous (Mummy Conjurer)               Turns: 4090, Time: 00:04:59

HP  -1/35        AC  3     Str 11      XL: 5   Next: 53%
MP   0/9         EV 12     Int 15      God:
Gold 98          SH  0     Dex 12      Spells:  1 memorised,  7 levels left

rFire  x . .     SeeInvis .     b - +2 dagger
rCold  + . .     Clarity  .     a - +1 robe
rNeg   + + +     Conserve .     (no shield)
rPois  +         rCorr    .     (no helmet)
rElec  .         rRot     +     (no cloak)
SustAb . .       Spirit   .     (no gloves)
rMut   +         Warding  .     (no boots)
Gourm  .         Stasis   .     e - amulet of resist mutation
MR     .....                    (no ring)
                                (no ring)

@: not resistant to hostile enchantments, unstealthy
A: no food or potions, fire vulnerability, restore body, cold resistance 1, life
protection 3, poison resistance, torment resistance, unbreathing
a: no special abilities


You were on level 3 of the Dungeon.
You were not hungry.

You visited 1 branch of the dungeon, and saw 3 of its levels.

You collected 98 gold pieces.

Inventory:

Hand weapons
 b - a +2,+2 dagger (weapon)
Missiles
 i - 7 needles of confusion
 j - 17 stones (quivered)
Armour
 a - a +1 robe (worn)
Scrolls
 d - 2 scrolls of fear
 f - a scroll of identify
 g - a scroll of blinking
 h - 2 scrolls of remove curse {unknown}
 k - a scroll of fog {unknown}
Jewellery
 e - an amulet of resist mutation (around neck)
Books
 c - a book of Conjurations

   Spells                             Type                      Level
   *Magic Dart                        Conjuration                  1
   Searing Ray                        Conjuration                  2
   Dazzling Spray                     Conjuration/Hexes            3
   Fulminant Prism                    Conjuration/Hexes            4
   Iskenderun's Mystic Blast          Conjuration                  4
   Iskenderun's Battlesphere          Conjuration/Charms           5


   Skills:
 - Level 1.5 Dodging
 - Level 1.5 Stealth
 - Level 2.0 Spellcasting
 + Level 5.7 Conjurations


You had 7 spell levels left.
You knew the following spells:

 Your Spells              Type           Power        Failure   Level  Hunger
a - Magic Dart            Conj           ###.         1%          1    N/A

Dungeon Overview and Level Annotations

Branches:
Dungeon (3/15)

Altars:


Innate Abilities, Weirdness & Mutations

You do not eat or drink.
Your flesh is vulnerable to fire.
Your flesh is cold resistant.
You are immune to negative energy.
Your system is resistant to poisons.
You are immune to unholy pain and torment.
You can survive without breathing.


Message History

The orc wizard gestures at you while chanting.
The puff of flame hits you! The fire burns you terribly!
Casting: Magic Dart
Confirm with . or Enter, or press ? or * to list all spells.
Aiming: Magic Dart
Press: ? - help, Shift-Dir - straight line, f/p - orc wizard
Aim: an orc wizard, wielding a glowing dagger and wearing a robe (moderately wounded)
The magic dart hits the orc wizard.
The orc wizard is moderately wounded.
The orc wizard hits you with a glowing dagger.
Casting: Magic Dart
Confirm with . or Enter, or press ? or * to list all spells.
Aiming: Magic Dart
Press: ? - help, Shift-Dir - straight line, f/p - orc wizard
Aim: an orc wizard, wielding a glowing dagger and wearing a robe (moderately wounded)
The magic dart hits the orc wizard.
The orc wizard is heavily wounded.
The orc wizard points at you and mumbles some strange words.
The puff of flame hits you! The fire burns you terribly!
You die...

#.# #.## #.# #..#
#.# ##.# #.# #.#
#.# #.# #.# #.#
#.# #.# #.#
#(####
#.##########.%@.#
#...........###o#
###########.# .#
#.# .# #.# .# #.#
.. #.# ## #.# #.#


You could see an orc wizard.

Vanquished Creatures
  2 orc priests (D:3)
  5 adders
  A giant mite (D:2)
  3 worms
  An orc (D:2)
  A ball python (D:2)
  5 bats (D:1)
  5 giant cockroaches
  A giant mite zombie (D:3)
  9 goblins
  9 hobgoblins
  12 kobolds
  A quokka (D:2)
  5 giant geckos
  5 giant newts (D:2)
  12 rats
77 creatures vanquished.

Notes
Turn   | Place    | Note
--------------------------------------------------------------
     0 | D:1      | Infinimo, the Mummy Conjurer, began the quest for the Orb.
     0 | D:1      | Reached XP level 1. HP: 13/13 MP: 3/3
   265 | D:1      | Reached XP level 2. HP: 19/19 MP: 0/4
   795 | D:1      | Reached skill level 4 in Conjurations
  1185 | D:1      | Reached XP level 3. HP: 12/24 MP: 0/6
  1858 | D:2      | Reached XP level 4. HP: 30/30 MP: 1/7
  2471 | D:2      | Reached skill level 5 in Conjurations
  3549 | D:3      | Reached XP level 5. HP: 35/35 MP: 1/9
  4090 | D:3      | Killed from afar by an orc wizard

Action                   |  1- 3 |  4- 6 || total
-------------------------+-------+-------++-------
Melee: Dagger            |    26 |    31 ||    57
 Cast: Magic Dart        |    73 |   133 ||   206
  Use: Scroll            |     6 |       ||     6
